 Dungeon Crawl Stone Soup version 0.17-a0-1181-gabc46e6 (webtiles) character file.

14260 Murumi the Blocker (level 12, -3/94 HPs)
             Began as a Formicid Fighter on May 31, 2015.
             Was a Priest of the Shining One.
             Killed from afar by a manticore (24 damage)
             ... with a volley of spikes
             ... on level 11 of the Dungeon.
             The game lasted 01:25:03 (13155 turns).

Murumi the Blocker (Formicid Fighter)              Turns: 13155, Time: 01:25:03

Health: -3/94      AC: 16    Str: 25    XL:     12   Next: 43%
Magic:  16/19      EV:  8    Int:  9    God:    the Shining One [***...]
Gold:   814        SH: 30    Dex: 10    Spells: 0 memorised, 11 levels left

rFire  + . .     SeeInvis +     s - +1 great sword
rCold  + . .     Clarity  .     J - +0 plate armour
rNeg   + . .     SustAt   .     E - +2 large shield
rPois  .         Gourm    .     (helmet unavailable)
rElec  .         Spirit   .     (no cloak)
rCorr  .         Warding  .     m - +0 pair of gloves
rMut   .         Stasis   +     o - +0 pair of boots
MR     +....                    G - amulet of regeneration
Stlth  ..........               j - ring of protection from fire
                                v - ring of protection from cold

@: divine shield, manticore barbs, glowing, somewhat resistant to hostile
enchantments, extremely unstealthy
A: permanent stasis, dig shafts and tunnels, four strong arms, antennae 3
a: Dig, Shaft Self, Divine Shield, Renounce Religion


You were on level 11 of the Dungeon.
You worshipped the Shining One.
The Shining One was most pleased with you.
You were hungry.

You visited 3 branches of the dungeon, and saw 15 of its levels.
You also visited: Labyrinth.

You collected 1432 gold pieces.
You spent 618 gold pieces at shops.

Inventory:

Hand weapons
 s - a +1 great sword (weapon)
Missiles
 C - 45 bolts
Armour
 m - a +0 pair of gloves (worn)
 o - a +0 pair of boots (worn)
 E - a +2 large shield (worn)
 J - a +0 plate armour (worn)
Rods
 B - a +0 rod of inaccuracy (10/10)
   (You found it in a labyrinth)
Jewellery
 i - an uncursed ring of positive energy
 j - a ring of protection from fire (right hand)
 t - a +5 ring of intelligence
 v - a ring of protection from cold (left hand)
 G - an amulet of regeneration (around neck)
Magical devices
 c - a wand of flame (37)
 h - a wand of magic darts (10)
 y - a wand of magic darts (30)
Potions
 a - a potion of agility {unknown}
 d - 3 potions of might
 f - 5 potions of curing
 g - 2 potions of brilliance
 u - 2 potions of flight {unknown}
 w - 3 potions of heal wounds {unknown}
 A - a potion of resistance {unknown}
 D - a potion of mutation {unknown}
 H - a potion of lignification {unknown}
Comestibles
 b - a beef jerky
 e - 9 bread rations
 k - 2 slices of pizza
 q - 2 fruits
 r - 5 meat rations


   Skills:
 + Level 8.6 Fighting
 - Level 9.1 Long Blades
 - Level 9.0 Armour
 - Level 7.0 Dodging
 - Level 10.0 Shields
 - Level 10.0 Invocations


You had 11 spell levels left.
You didn't know any spells.

Dungeon Overview and Level Annotations

Branches:
Dungeon (11/15)            Temple (1/1) D:5            Lair (0/8) D:11
    Orc (3/4) D:9
    Elf: Orc:3-4

Altars:
Ashenzari
Cheibriados
Dithmenos
Elyvilon
Fedhas
Gozag
Kikubaaqudgha
Makhleb
Nemelex Xobeh
Okawaru
Qazlal
Ru
Sif Muna
Trog
Vehumet
Xom
Yredelemnul
Zin
The Shining One
Beogh

Shops:
D:5 (=(}   D:6 =   Orc:1 :   Orc:3 *


Innate Abilities, Weirdness & Mutations

You are under a permanent stasis effect.
You can dig through walls and to a lower floor.
Your four strong arms can wield two-handed weapons with a shield.
You have a pair of large antennae on your head (SInv).


Message History

Found a scroll of identify and a runed leather armour.
The barbs in your skin will harm you if you move.
Continue?
The barbed spikes dig painfully into your body as you move.
Found a chain mail and 33 gold pieces.
A lava snake comes into view.
Use which ability? (? or * to list)
Your shield is strengthened by the Shining One's divine power.
You feel slightly more hungry.
The lava snake hisses angrily.
The manticore flicks its tail.
The volley of spikes hits you!
The barbed spikes become lodged in your body.
* * * LOW HITPOINT WARNING * * *
The lava snake moves out of view.
The manticore flicks its tail.
You block the volley of spikes.
The manticore flicks its tail.
The volley of spikes hits you!
The barbed spikes become lodged in your body.
You die...

#......#≈≈≈≈≈,≈§≈≈≈#.........
#......#≈≈§≈[.$≈≈≈≈#.........
#......#§≈≈?..[.≈≈,#.........
#####......#≈≈≈≈.§§S§≈.#..####...
...........#,≈≈≈≈:≈§§.,#..# #...
####.......#,,≈≈≈§H§§,,#..# #...
#.......#,,,≈≈≈.§§,,#..# #...
#.......#***#...#***#..# #...
#.......# #@..# #..# #...
#.......# #§§§# #..# #...
#.......# #§§§# #..# #...
#.......# #§§§# #..# #...
#.......# #§§§# #..# #...
#.......# #§§§# #..# #..>
#.......# #§§§# #..# #...
#...>...# #...# #..# #...
#.......## #..?# #..# #...


You could see a manticore and a lava snake.

Vanquished Creatures
  Maud (Orc:2)
  A minotaur (Lab)
  The ghost of ohyou the Blocker, an experienced DsAK of Lugonu (D:10)
  A hill giant (D:11)
  An orc knight (Orc:2)
  3 ugly things (D:11)
  2 orc sorcerers (Orc:2)
  A troll (D:11)
  A komodo dragon (D:10)
  A wyvern (D:9)
  A deep elf mage (D:11)
  5 yaks (D:10)
  5 hippogriffs
  2 wargs
  A hungry ghost (D:7)
  2 water moccasins
  An ice beast (D:7)
  A necrophage (D:6)
  6 orc warriors
  2 phantoms
  3 sky beasts
  5 centaurs
  2 crocodiles
  7 ogres
  2 big kobolds
  6 giant frogs
  2 scorpions
  A wyvern skeleton (D:10)
  14 wights
  4 crimson imps
  A giant frog zombie (D:9)
  3 hounds
  A wasp zombie (D:9)
  A giant frog skeleton (D:4)
  A gnoll shaman (D:4)
  3 jellies
  17 orc priests
  A centaur skeleton (D:5)
  3 iguanas
  20 orc wizards
  12 worker ants
  2 worker ant zombies (D:11)
  4 river rats (D:6)
  13 adders
  14 gnolls
  A shadow imp (D:9)
  An adder zombie (D:7)
  3 worms
  10 giant geckos
  122 orcs
  11 bats
  5 bat skeletons
  6 giant cockroaches
  18 goblins
  17 hobgoblins
  21 jackals
  26 kobolds
  A quokka (D:8)
  2 ball pythons
  6 giant newts
  A jackal skeleton (D:4)
  18 rats
450 creatures vanquished.

Vanquished Creatures (others)
  A wraith (D:11)
1 creature vanquished.

Grand Total: 451 creatures vanquished

Notes
Turn   | Place    | Note
--------------------------------------------------------------
     0 | D:1      | Murumi the Formicid Fighter began the quest for the Orb.
     0 | D:1      | Reached XP level 1. HP: 18/18 MP: 1/1
    80 | D:1      | Reached skill level 4 in Shields
    82 | D:1      | Reached XP level 2. HP: 16/24 MP: 2/2
   153 | D:1      | Reached skill level 1 in Dodging
   348 | D:1      | Reached XP level 3. HP: 29/29 MP: 3/3
  1011 | D:2      | Found a shimmering altar of Xom.
  1011 | D:2      | Found a shimmering altar of Xom.
  1018 | D:2      | Reached XP level 4. HP: 32/37 MP: 4/4
  1777 | D:3      | Reached XP level 5. HP: 42/42 MP: 5/5
  2270 | D:4      | Reached XP level 6. HP: 48/48 MP: 6/6
  2370 | D:4      | Reached skill level 5 in Shields
  2602 | D:4      | Reached XP level 7. HP: 42/54 MP: 7/7
  3047 | D:4      | Reached skill level 5 in Fighting
  3598 | D:5      | Entered Level 5 of the Dungeon
  3640 | D:4      | Reached skill level 5 in Armour
  3675 | D:5      | Found a staircase to the Ecumenical Temple.
  3745 | D:5      | Found Puamna's Weapon Shop.
  3784 | D:5      | Reached skill level 6 in Shields
  3784 | D:5      | Reached XP level 8. HP: 32/62 MP: 8/8
  3796 | D:5      | Found Vonis's Jewellery Shop.
  3907 | D:5      | Reached skill level 7 in Shields
  4188 | D:5      | Found Gushasimoo's Antique Weapon Boutique.
  4200 | D:5      | Bought a scimitar for 124 gold pieces
  4254 | D:5      | Reached skill level 5 in Long Blades
  4369 | Temple   | Entered the Ecumenical Temple
  4385 | Temple   | Became a worshipper of the Shining One
  4618 | D:5      | Found Xievicho's Gadget Emporium.
  4720 | D:6      | Found an iron altar of Okawaru.
  4808 | D:6      | Reached skill level 1 in Invocations
  5019 | D:6      | Found Leicum's Jewellery Boutique.
  5151 | D:6      | Found a radiant altar of Vehumet.
  5351 | D:6      | Reached XP level 9. HP: 62/68 MP: 11/11
  5813 | D:6      | Reached skill level 5 in Invocations
  6117 | D:7      | Reached skill level 8 in Invocations
  6386 | D:7      | Found a burning altar of Makhleb.
  6386 | D:7      | Noticed a cacodemon
  6389 | D:7      | Noticed an orange demon
  6707 | D:8      | Found a shadowy altar of Dithmenos.
  6795 | D:8      | Reached XP level 10. HP: 76/76 MP: 16/16
  6891 | D:8      | Acquired the Shining One's first power
  7472 | D:9      | Reached skill level 9 in Invocations
  7716 | D:9      | Acquired the Shining One's second power
  7774 | D:8      | HP: 3/76 [slime creature (11)]
  7794 | D:8      | HP: 1/76 [slime creature (7)]
  8105 | D:9      | Found a staircase to the Orcish Mines.
  8119 | D:9      | Found a basalt altar of Yredelemnul.
  8622 | Orc:1    | Entered Level 1 of the Orcish Mines
  8629 | Orc:1    | Reached skill level 10 in Shields
  8778 | Orc:1    | Found Tegippaz's Book Boutique.
  9230 | D:5      | Bought an ancient hand crossbow for 263 gold pieces
  9230 | D:5      | Identified the cursed +0 hand crossbow "Dunid" {elec, rElec rN++ Str+4 Dex-4} (You bought it in a shop on level 5 of the Dungeon)
  9344 | Orc:2    | Noticed an orc sorcerer
  9370 | Orc:2    | Killed an orc sorcerer
  9370 | Orc:2    | Reached skill level 5 in Dodging
  9519 | Orc:2    | Noticed an orc knight
  9519 | Orc:2    | Noticed an orc sorcerer
  9555 | Orc:2    | Killed an orc knight
  9555 | Orc:2    | Reached XP level 11. HP: 50/81 MP: 15/17
  9564 | Orc:2    | Killed an orc sorcerer
 10002 | Orc:3    | Found Lifut's Luxury Loot.
 10015 | Orc:3    | Bought a +2 large shield for 231 gold pieces
 10200 | Orc:3    | Found a roughly hewn altar of Beogh.
 10628 | Orc:2    | Noticed Maud
 10729 | Orc:2    | Killed Maud
 11092 | D:10     | Entered Level 10 of the Dungeon
 11168 | D:10     | Noticed ohyou's ghost (experienced DsAK)
 11224 | D:10     | Killed ohyou's ghost
 12024 | D:9      | Found a white marble altar of Elyvilon.
 12024 | D:9      | Found an ancient bone altar of Kikubaaqudgha.
 12141 | D:10     | Reached XP level 12. HP: 92/92 MP: 19/19
 12213 | D:11     | Reached skill level 10 in Invocations
 12272 | D:11     | Found a labyrinth entrance.
 12281 | Lab      | Entered a labyrinth
 12377 | Lab      | Noticed a minotaur
 12386 | Lab      | Killed a minotaur
 12399 | Lab      | Identified the Reference Book on the Creative Oath
 12951 | D:11     | Found a staircase to the Lair.
 13155 | D:11     | Killed from afar by a manticore

Vault maps used:
D:1:      ncdulo_wetmaze, minmay_unequal
D:2:      first_bread, serial_bayou_pond_c, xom_redecorated
D:5:      minmay_temple_entry_butterflies, serial_shops,
          nicolae_shop_behind_doors, shop, nicolae_shop_statue_plus, shop
D:6:      wad_woods_tower, lemuel_doored_altar, okawaru_trees_2, serial_shops,
          shop
D:7:      makhleb_altar_promises_db
D:8:      nicolae_dithmenos_the_darkroom
D:9:      yredelemnul_altar_generic, nicolae_overflow_hidden_temple, orc_0_dummy
D:11:     lemuel_flame_loot_2, lair_0_dummy, lab_entry_generic
Temple:   eino_temple_water_12
Orc:1:    serial_shops, shop
Orc:2:    uniq_maud
Orc:3:    basic_altar, nicolae_orc_pool_cavern, nicolae_orc_flooded_monolith,
          nicolae_alphabet_shops
Lab:      labyrinth_spiral, nicolae_lab_garden, nicolae_lab_diamond

Action                   |  1- 3 |  4- 6 |  7- 9 | 10-12 || total
-------------------------+-------+-------+-------+-------++-------
Melee: Long sword        |   122 |   228 |   192 |       ||   542
       Falchion          |       |     4 |    29 |       ||    33
       Scimitar          |       |       |   387 |   829 ||  1216
       Great sword       |       |       |       |    99 ||    99
Invok: Divine Shield     |       |       |       |     8 ||     8
 Abil: Dig               |       |     1 |     1 |    10 ||    12
  Use: Scroll            |     2 |     6 |     7 |     8 ||    23
  Eat: Chunk             |     1 |     5 |    16 |    20 ||    42
       Beef jerky        |       |       |       |     1 ||     1
       Bread ration      |       |       |       |     1 ||     1
